[ AOE2 MATCH · #507805993 ]
UnrankedSaracens vs Vietnamese
Player's team · WIN
[ REPLAY ANALYSIS · EXTRACTED FROM THE RECORDED GAME ]
Feudal
14:51
Castle
23:13
Imperial
43:55
| APM avg | 36.4 |
| APM peak | 92 |
| eAPM avg | 23.5 |
| Villagers / military | 77 / 28 |
Focus
⚔️ 37.3% · 🌾 62.7%
Mameluke ×18 · Monk ×10
Feudal
9:22
Castle
23:18
Imperial
—
| APM avg | 49.2 |
| APM peak | 110 |
| eAPM avg | 22.7 |
| Villagers / military | 97 / 31 |
Focus
⚔️ 28.2% · 🌾 71.8%
Scout Cavalry ×10 · Skirmisher ×6 · Archer ×5 · Knight ×4 · Battering Ram ×3 · Monk ×1
Match map
Initial resources + every placement click. Lines = walls · curves = elevation contours. ◆ gold · ⬟ stone · ● berries · ✦ relic · ◌ wall gap
Your base· Open — opponent sealed themselves in
Alejandro Manco's base· ✓ Closed at 23:18 · 52t walls · no gate
Smoothed initial terrain · ◌ = detected wall gap · hover for details
Inputs per minute
— b1gFooot - - Alejandro Manco
Build order — b1gFooot
First 150 of 198 actions detected
| 1:13 | Queue | Villager (Male) ×4 |
| 1:13 | Build | House |
| 2:27 | Build | House |
| 3:05 | Queue | Villager (Male) |
| 3:22 | Build | House |
| 3:29 | Queue | Villager (Male) |
| 3:56 | Queue | Villager (Male) |
| 4:09 | Build | House |
| 4:20 | Queue | Villager (Male) |
| 4:42 | Build | Lumber Camp |
| 4:48 | Queue | Villager (Male) |
| 5:07 | Queue | Villager (Male) |
| 5:26 | Queue | Villager (Male) ×2 |
| 5:57 | Queue | Villager (Male) ×2 |
| 6:28 | Queue | Villager (Male) |
| 6:29 | Queue | Villager (Male) |
| 7:52 | Research | Loom |
| 8:32 | Queue | Villager (Male) |
| 8:48 | Queue | Villager (Male) |
| 9:43 | Build | Mill |
| 9:49 | Queue | Villager (Male) |
| 9:52 | Build | Mill |
| 10:04 | Queue | Villager (Male) |
| 10:39 | Build | Lumber Camp |
| 10:44 | Queue | Villager (Male) |
| 11:08 | Queue | Villager (Male) |
| 11:36 | Build | Farm |
| 11:41 | Build | Farm |
| 11:41 | Build | Farm |
| 11:56 | Queue | Villager (Male) |
| 11:58 | Build | Farm |
| 12:10 | Build | Farm |
| 12:12 | Build | House |
| 12:35 | Build | Farm |
| 12:36 | Build | Farm |
| 12:41 | Research | Feudal Age |
| 14:14 | Build | Mining Camp |
| 14:51 | Age | Feudal Age |
| 14:52 | Research | Wheelbarrow |
| 14:55 | Research | Double-Bit Axe |
| 15:08 | Research | Gold Mining |
| 15:32 | Build | Watch Tower |
| 15:41 | Queue | Villager (Male) |
| 16:30 | Build | Blacksmith |
| 16:53 | Queue | Villager (Male) |
| 17:23 | Build | Market |
| 17:25 | Queue | Villager (Male) |
| 17:41 | Queue | Villager (Male) |
| 17:51 | Build | Lumber Camp |
| 18:00 | Queue | Villager (Male) |
| 18:14 | Research | Fletching |
| 18:23 | Research | Horse Collar |
| 18:34 | Build | House |
| 18:39 | Queue | Villager (Male) |
| 18:56 | Build | House |
| 18:59 | Queue | Villager (Male) |
| 19:04 | Build | Farm |
| 19:08 | Build | Farm |
| 19:11 | Build | Farm |
| 19:15 | Queue | Villager (Male) |
| 19:26 | Queue | Villager (Male) |
| 20:09 | Build | Market |
| 20:33 | Research | Castle Age |
| 21:27 | Build | Lumber Camp |
| 22:19 | Research | Stone Mining |
| 23:13 | Age | Castle Age |
| 23:15 | Research | Hand Cart |
| 23:32 | Build | Castle |
| 23:39 | Queue | Villager (Male) |
| 24:34 | Build | Monastery |
| 24:37 | Queue | Villager (Male) |
| 24:43 | Queue | Mameluke |
| 25:05 | Queue | Monk |
| 26:07 | Queue | Monk |
| 26:11 | Queue | Villager (Male) |
| 26:20 | Queue | Villager (Male) |
| 26:27 | Queue | Mameluke |
| 26:29 | Queue | Mameluke |
| 26:35 | Queue | Villager (Male) |
| 26:42 | Queue | Mameluke |
| 26:52 | Queue | Villager (Male) |
| 27:10 | Build | Monastery |
| 27:21 | Queue | Villager (Male) |
| 27:26 | Queue | Monk |
| 27:38 | Queue | Monk |
| 27:42 | Research | Town Watch |
| 28:22 | Build | Outpost |
| 29:09 | Queue | Villager (Male) |
| 29:23 | Queue | Mameluke |
| 29:24 | Queue | Mameluke |
| 29:25 | Queue | Monk |
| 29:54 | Queue | Mameluke |
| 29:55 | Queue | Monk |
| 30:05 | Build | Town Center |
| 30:38 | Queue | Monk |
| 30:39 | Queue | Villager (Male) |
| 31:27 | Queue | Monk |
| 31:27 | Queue | Villager (Male) |
| 32:08 | Build | Castle |
| 32:19 | Queue | Villager (Male) |
| 32:28 | Queue | Villager (Male) |
| 32:29 | Queue | Villager (Male) |
| 32:57 | Build | Farm |
| 32:58 | Build | Farm |
| 32:58 | Build | Farm |
| 32:59 | Build | Farm |
| 33:21 | Build | Farm |
| 33:22 | Build | Farm |
| 33:24 | Queue | Villager (Male) |
| 33:46 | Build | Mining Camp |
| 33:49 | Queue | Villager (Male) |
| 33:53 | Queue | Villager (Male) |
| 34:00 | Queue | Villager (Male) |
| 34:07 | Queue | Villager (Male) |
| 34:09 | Build | Farm |
| 34:10 | Build | Farm |
| 34:17 | Queue | Villager (Male) |
| 34:33 | Build | Farm |
| 34:42 | Queue | Mameluke |
| 34:43 | Queue | Villager (Male) |
| 34:49 | Build | Farm |
| 34:52 | Build | Farm |
| 34:54 | Build | Farm |
| 34:55 | Queue | Villager (Male) |
| 35:00 | Queue | Mameluke |
| 35:13 | Queue | Villager (Male) |
| 35:24 | Queue | Villager (Male) |
| 35:43 | Build | Barracks |
| 35:45 | Build | Lumber Camp |
| 35:53 | Queue | Villager (Male) |
| 36:16 | Queue | Villager (Male) |
| 36:33 | Queue | Villager (Male) |
| 36:47 | Queue | Villager (Male) |
| 36:51 | Build | Mining Camp |
| 36:55 | Queue | Villager (Male) |
| 36:57 | Research | Redemption |
| 37:10 | Queue | Villager (Male) |
| 37:50 | Queue | Villager (Male) |
| 37:52 | Build | Lumber Camp |
| 37:56 | Research | Bow Saw |
| 37:56 | Queue | Villager (Male) |
| 37:58 | Research | Gold Shaft Mining |
| 38:15 | Queue | Mameluke |
| 38:16 | Queue | Villager (Male) |
| 38:16 | Build | Farm |
| 38:17 | Build | Farm |
| 38:18 | Build | Farm |
| 38:19 | Build | Mill |
| 38:20 | Build | Farm |
| 38:21 | Build | Farm |
Build order — Alejandro Manco
First 150 of 310 actions detected
| 0:02 | Queue | Villager (Male) |
| 0:02 | Queue | Villager (Male) |
| 0:02 | Queue | Villager (Male) |
| 0:03 | Build | House |
| 0:05 | Build | House |
| 0:26 | Queue | Villager (Male) |
| 0:26 | Queue | Villager (Male) |
| 1:29 | Queue | Villager (Male) |
| 1:30 | Queue | Villager (Male) |
| 2:07 | Queue | Villager (Male) |
| 2:08 | Queue | Villager (Male) |
| 2:47 | Queue | Villager (Male) |
| 2:47 | Queue | Villager (Male) |
| 3:02 | Queue | Villager (Male) |
| 3:02 | Queue | Villager (Male) |
| 3:25 | Queue | Villager (Male) |
| 3:26 | Queue | Villager (Male) |
| 3:26 | Queue | Villager (Male) |
| 3:26 | Queue | Villager (Male) |
| 3:34 | Build | Lumber Camp |
| 4:10 | Queue | Villager (Male) |
| 4:10 | Queue | Villager (Male) |
| 4:18 | Build | House |
| 4:35 | Queue | Villager (Male) |
| 4:48 | Build | Mill |
| 4:51 | Queue | Villager (Male) |
| 4:51 | Queue | Villager (Male) |
| 5:07 | Queue | Villager (Male) |
| 5:27 | Queue | Villager (Male) |
| 6:29 | Research | Loom |
| 7:12 | Research | Feudal Age |
| 7:12 | Research | Feudal Age |
| 8:03 | Build | Barracks |
| 8:35 | Build | House |
| 9:00 | Queue | Villager (Male) |
| 9:22 | Age | Feudal Age |
| 9:23 | Build | Stable |
| 9:25 | Queue | Villager (Male) |
| 9:27 | Research | Double-Bit Axe |
| 9:27 | Research | Double-Bit Axe |
| 10:01 | Queue | Scout Cavalry |
| 10:01 | Queue | Scout Cavalry |
| 10:06 | Queue | Villager (Male) |
| 10:16 | Build | Archery Range |
| 10:23 | Build | Mining Camp |
| 10:26 | Queue | Villager (Male) |
| 10:47 | Queue | Villager (Male) |
| 10:55 | Build | House |
| 10:56 | Build | House |
| 11:15 | Research | Town Watch |
| 11:17 | Queue | Villager (Male) |
| 11:21 | Build | House |
| 11:43 | Build | Watch Tower |
| 11:50 | Queue | Archer |
| 11:54 | Queue | Villager (Male) |
| 11:58 | Build | Lumber Camp |
| 12:00 | Build | House |
| 12:07 | Queue | Archer |
| 12:08 | Queue | Villager (Male) |
| 12:18 | Build | Outpost |
| 12:19 | Build | Outpost |
| 12:43 | Build | Farm |
| 12:44 | Build | Farm |
| 13:09 | Queue | Skirmisher |
| 13:16 | Queue | Archer |
| 13:28 | Build | Farm |
| 13:28 | Build | Farm |
| 13:58 | Queue | Villager (Male) |
| 13:59 | Queue | Villager (Male) |
| 14:04 | Build | Mining Camp |
| 14:16 | Queue | Archer |
| 14:16 | Queue | Archer |
| 14:18 | Build | Palisade Wall |
| 14:27 | Build | Outpost |
| 14:28 | Build | Outpost |
| 14:38 | Queue | Skirmisher |
| 14:53 | Build | Farm |
| 14:54 | Build | Farm |
| 15:21 | Queue | Villager (Male) |
| 15:24 | Research | Wheelbarrow |
| 15:29 | Build | Farm |
| 15:29 | Build | Farm |
| 15:35 | Build | Farm |
| 16:23 | Queue | Villager (Male) |
| 16:23 | Queue | Villager (Male) |
| 16:25 | Build | Farm |
| 16:26 | Build | Farm |
| 16:53 | Queue | Villager (Male) |
| 16:59 | Build | Palisade Wall |
| 17:01 | Build | Palisade Wall |
| 17:02 | Build | Palisade Wall |
| 17:08 | Build | Palisade Wall |
| 17:10 | Build | Palisade Wall |
| 17:22 | Build | Farm |
| 17:28 | Build | House |
| 17:31 | Build | Palisade Wall |
| 17:33 | Queue | Villager (Male) |
| 17:40 | Build | Palisade Wall |
| 17:45 | Build | Farm |
| 17:47 | Queue | Villager (Male) |
| 17:58 | Build | Outpost |
| 18:12 | Queue | Villager (Male) |
| 18:18 | Build | Watch Tower |
| 18:19 | Build | Stone Wall |
| 18:20 | Build | Stone Wall |
| 18:20 | Build | Stone Wall |
| 18:21 | Build | Stone Wall |
| 18:22 | Build | Stone Wall |
| 18:22 | Build | Stone Wall |
| 18:23 | Build | Stone Wall |
| 18:24 | Build | Stone Wall |
| 18:32 | Build | Farm |
| 18:44 | Queue | Villager (Male) |
| 18:58 | Queue | Villager (Male) |
| 19:02 | Build | Farm |
| 19:03 | Build | Farm |
| 19:32 | Queue | Villager (Male) |
| 19:35 | Build | Market |
| 20:38 | Research | Castle Age |
| 20:39 | Research | Castle Age |
| 20:55 | Build | Stable |
| 21:18 | Build | Farm |
| 21:18 | Build | Farm |
| 21:26 | Build | Blacksmith |
| 21:45 | Build | Watch Tower |
| 22:03 | Research | Bloodlines |
| 22:03 | Research | Bloodlines |
| 22:04 | Research | Forging |
| 22:04 | Research | Forging |
| 22:11 | Queue | Scout Cavalry |
| 22:11 | Queue | Scout Cavalry |
| 22:22 | Build | Farm |
| 22:24 | Build | Farm |
| 22:52 | Queue | Scout Cavalry |
| 22:52 | Queue | Scout Cavalry |
| 23:18 | Age | Castle Age |
| 23:22 | Queue | Knight |
| 23:22 | Queue | Knight |
| 23:26 | Build | Stable |
| 23:47 | Queue | Knight |
| 23:48 | Queue | Knight |
| 24:18 | Queue | Scout Cavalry |
| 24:19 | Queue | Scout Cavalry |
| 24:32 | Queue | Villager (Male) |
| 24:32 | Queue | Villager (Male) |
| 24:42 | Queue | Villager (Male) |
| 24:50 | Build | Town Center |
| 24:54 | Build | Stone Wall |
| 24:55 | Build | Stone Wall |
| 25:05 | Queue | Scout Cavalry |
Match timeline
| 8:03 | Alejandro Manco · first_building Barracks |
| 9:22 | Alejandro Manco · age_up feudal |
| 9:23 | Alejandro Manco · first_building Stable |
| 10:16 | Alejandro Manco · first_building Archery Range |
| 14:18 | Alejandro Manco · wall_segment Palisade Wall x4 |
| 14:51 | b1gFooot · age_up feudal |
| 16:59 | Alejandro Manco · wall_segment Palisade Wall x13 |
| 17:01 | Alejandro Manco · wall_segment Palisade Wall x3 |
| 17:02 | Alejandro Manco · wall_segment Palisade Wall x5 |
| 17:08 | Alejandro Manco · wall_segment Palisade Wall x6 |
| 17:10 | Alejandro Manco · wall_segment Palisade Wall x13 |
| 17:31 | Alejandro Manco · wall_segment Palisade Wall x1 |
| 17:40 | Alejandro Manco · wall_segment Palisade Wall x1 |
| 18:14 | b1gFooot · first_market_buy 100 food |
| 18:19 | Alejandro Manco · wall_segment Stone Wall x1 |
| 18:20 | Alejandro Manco · wall_segment Stone Wall x1 |
| 18:20 | Alejandro Manco · wall_segment Stone Wall x1 |
| 18:21 | Alejandro Manco · wall_segment Stone Wall x1 |
| 18:22 | Alejandro Manco · wall_segment Stone Wall x1 |
| 18:22 | Alejandro Manco · wall_segment Stone Wall x1 |
| 18:23 | Alejandro Manco · wall_segment Stone Wall x1 |
| 18:24 | Alejandro Manco · wall_segment Stone Wall x1 |
| 20:32 | b1gFooot · first_market_sell 500 wood |
| 23:13 | b1gFooot · age_up castle |
| 23:18 | Alejandro Manco · age_up castle |
| 23:32 | b1gFooot · first_building Castle |
| 24:34 | b1gFooot · first_building Monastery |
| 24:54 | Alejandro Manco · wall_segment Stone Wall x4 |
| 24:55 | Alejandro Manco · wall_segment Stone Wall x5 |
| 25:11 | Alejandro Manco · wall_segment Stone Wall x10 |
| 25:44 | Alejandro Manco · wall_segment Stone Wall x2 |
| 25:45 | Alejandro Manco · wall_segment Stone Wall x3 |
| 25:46 | Alejandro Manco · wall_segment Stone Wall x3 |
| 25:47 | Alejandro Manco · wall_segment Stone Wall x1 |
| 25:47 | Alejandro Manco · wall_segment Stone Wall x1 |
| 25:48 | Alejandro Manco · wall_segment Stone Wall x3 |
| 27:23 | Alejandro Manco · wall_segment Stone Wall x1 |
| 28:15 | Alejandro Manco · wall_segment Stone Wall x1 |
| 28:17 | Alejandro Manco · wall_segment Stone Wall x3 |
| 28:18 | Alejandro Manco · wall_segment Stone Wall x2 |
| 28:19 | Alejandro Manco · wall_segment Stone Wall x3 |
| 28:21 | Alejandro Manco · wall_segment Stone Wall x3 |
| 29:08 | Alejandro Manco · first_building Siege Workshop |
| 32:50 | Alejandro Manco · first_building Monastery |
| 34:36 | Alejandro Manco · first_market_sell 100 wood |
| 34:48 | Alejandro Manco · first_market_buy 100 stone |
| 35:43 | b1gFooot · first_building Barracks |
| 37:13 | Alejandro Manco · wall_segment Palisade Wall x1 |
| 41:41 | b1gFooot · first_building Stable |
| 42:45 | Alejandro Manco · wall_segment Stone Wall x1 |
| 43:55 | b1gFooot · age_up imperial |
| 44:18 | b1gFooot · first_building Siege Workshop |
| 44:33 | Alejandro Manco · first_building Castle |
| 44:52 | Alejandro Manco · resign |
[ AI ANALYSIS · 1 CREDIT ]
What really happened in this match?
Wolo.gg analyzes every decision: build order, eco, micro, common mistakes by bracket. Personalized analysis on WhatsApp or Discord in 30 seconds.
Civ guide
Saracens
Perfil
Jugador #12072685